 Dungeon Crawl Stone Soup version 0.28-a0-1213-g0243856f03 (webtiles) character file.

Game seed: 14806036024213419529

79 karkarkar the Sneak (level 4, -1/27 HPs)
             Began as an Octopode Earth Elementalist on Dec 21, 2021.
             Slain by an orc (5 damage)
             ... on level 3 of the Dungeon.
             The game lasted 00:07:54 (2559 turns).

karkarkar the Sneak (Octopode Earth Elementalist)   Turns: 2559, Time: 00:07:54

Health: -1/27      AC:  1    Str:  7    XL:     4   Next: 37%
Magic:  7/7        EV: 17    Int: 19    God:
Gold:   30         SH:  0    Dex: 12    Spells: 3/8 levels left

rFire   + . .      SeeInvis .   (no weapon)
rCold   + . .      Faith    .   (no shield)
rNeg    . . .      Spirit   .   (helmet restricted)
rPois   +          Reflect  .   (no amulet)
rElec   +          Harm     .   c - +4 ring of slaying
rCorr   +          Rampage  .   e - ring of Ilakhlas {rElec EV+4}
Will    .....                   (no ring)
Stlth   +++.......              (no ring)
HPRegen 0.09/turn               (no ring)
MPRegen 0.10/turn               (no ring)
                                (no ring)
                                (no ring)

@: resistant
A: almost no armour, amphibious, 8 rings, camouflage 1, gelatinous body 1,
(nimble swimmer 1), tentacles
a: no special abilities


You were on level 3 of the Dungeon.
You visited 1 branch of the dungeon, and saw 3 of its levels.

You collected 30 gold pieces.

Inventory:

Missiles
 b - 36 stones
Jewellery
 c - a +4 ring of slaying (left tentacle)
 e - the ring of Ilakhlas (right tentacle) {rElec EV+4}
   (You acquired it on level 2 of the Dungeon)

   [ring of evasion]

   EV:        It affects your evasion (+4).
   rElec:     It insulates you from electricity.
Wands
 d - a wand of paralysis (6)
Potions
 f - a potion of attraction


   Skills:
 + Level 2.1 Dodging
 + Level 3.8 Stealth
 + Level 0.4 Unarmed Combat
 + Level 2.6 Spellcasting
 * Level 1.0 Conjurations
 + Level 1.0 Transmutations
 + Level 3.7 Earth Magic


You had 3 spell levels left.
You knew the following spells:

 Your Spells              Type           Power      Damage    Failure   Level
a - Sandblast             Erth           32%        2d9       3%          1
b - Beastly Appendage     Tmut           12%        N/A       11%         1
c - Stone Arrow           Conj/Erth      22%        3d8       19%         3

Your spell library contained the following spells:

 Spells                   Type           Power      Damage    Failure   Level
 Passwall                 Tmut/Erth      9%         N/A       9%          2
 Wereblood                Tmut           6%         N/A       16%         2
 Spider Form              Tmut/Pois      4%         N/A       36%         3
 Petrify                  Tmut/Erth      11%        N/A       52%         4


Dungeon Overview and Level Annotations

Branches:
Dungeon (3/15)

Altars:
Wu Jian


Innate Abilities, Weirdness & Mutations

You cannot wear most types of armour.
You are amphibious.
You can wear up to eight rings at the same time.
Your skin changes colour to match your surroundings (Stealth+).
Your rubbery body absorbs attacks. (AC +1, EV +1)
((You are camouflaged when in or above water. (Stealth+)))
You have tentacles for arms and can constrict up to eight enemies at once.


Message History

You constrict something.
You hear some strange, mumbled words.
You are confused.
The orc hits you with a +0 whip.
You release your grip on the orc.
You release your grip on something.
Something hits you. Something hits you. The orc closely misses you.
You bump into the rock wall.
Something hits you. The orc hits you with a +0 whip. The orc misses you.
You bump into the rock wall.
You feel less confused. The orc misses you.
Okay, then.
As you read the scroll of teleportation, it crumbles to dust.
You feel strangely unstable.
Your tentacle spike disappears.
The orc completely misses you. The orc hits you with a +0 whip.
* * * LOW HITPOINT WARNING * * *
An orc comes into view. It is wielding a +0 short sword.
The orc hits you with a +0 short sword.
* * * LOW HITPOINT WARNING * * *
Your surroundings suddenly seem different.
Found a stone staircase leading up.
You start resting.
An orc comes into view. It is wielding a +0 club.
You start resting.
An orc is nearby!
The orc shouts!
Really quaff the potion of attraction?
Okay, then.
It was a potion of resistance.
You feel protected.
The orc shouts!
The orc barely misses you.
Something tries to affect you, but you resist.
A dart slug comes into view.
The orc throws a boomerang.
The orc hits you with a +0 club.
You die...

####+##
##.....#
#...o.##
##...@.##
#............
#.....#.###..
#...o.o.#
#.....#..#
#.#...##.w
..#oo.# #<.
####...# #..
######.#.##


You could see a dart slug (wandering) and 5 orcs.

Vanquished Creatures
  2 adders (D:2)
  3 worms (D:2)
  2 dart slugs (D:2)
  A ball python (D:1)
  3 bats
  6 endoplasms
  6 goblins
  4 hobgoblins
  6 kobolds
  2 quokkas
  4 frilled lizards
  6 rats
45 creatures vanquished.

Notes
Turn   | Place    | Note
-------+----------+-------------------------------------------
     0 | D:1      | karkarkar the Octopode Earth Elementalist began the quest
                  | for the Orb.
     0 | D:1      | Reached XP level 1. HP: 11/11 MP: 3/3
   137 | D:1      | Reached XP level 2. HP: 10/17 MP: 3/5
   728 | D:1      | Learned a level 1 spell: Beastly Appendage
   833 | D:1      | Reached XP level 3. HP: 21/21 MP: 4/6
  1604 | D:2      | Found an ornate altar of the Wu Jian Council.
  1737 | D:2      | Identified a scroll of acquirement
  1738 | D:2      | Acquired the ring of Ilakhlas {rElec EV+4}
  1798 | D:2      | Learned a level 3 spell: Stone Arrow
  1861 | D:2      | Reached XP level 4. HP: 27/27 MP: 5/7
  2281 | D:2      | Reached skill level 1 in Conjurations
  2559 | D:3      | Slain by an orc

Illustrated notes

Levels and vault maps discovered:
D:1:      minmay_arrival_floating_metal, layout_basic, minmay_misc_feat_chi,
          kennysheep_nondescript, grunt_decor_mini_mirrors, item_on_display_a
D:2:      minmay_door_path, layout_basic, basic_altar, serial_bayou_pond_e
D:3:      layout_rooms, led_xom_imps, basic_ecumenical_altar, serial_shops,
          nicolae_shop_hallway_plus

Skill      XL: |  1  2  3  4 |
---------------+-------------+-----
Stealth        | 3 |  3.8
Conjurations   | 1 |  1.0
Dodging        | |  2.1
Unarmed Combat | |  0.4
Spellcasting   | |  2.6
Transmutations | |  1.0
Earth Magic    | |  3.7

Action                   |  1- 3 |  4- 6 || total
-------------------------+-------+-------++-------
Melee: Unarmed           |    29 |     8 ||    37
       Constrict         |     5 |     3 ||     8
       Kick              |     2 |     3 ||     5
       Tentacles         |     2 |       ||     2
 Cast: Sandblast         |    35 |    11 ||    46
       Beastly Appendage |     4 |     5 ||     9
  Use: Scroll            |     4 |     2 ||     6
       Potion            |       |     1 ||     1
 Stab: Sleeping          |     2 |     1 ||     3
       Distracted        |     1 |       ||     1
Armor: Skin              |     3 |       ||     3
Dodge: Dodged            |    18 |    11 ||    29

Table legend: (Time is in decaauts)
 A = Elapsed time spent in this place.
 B = Non-inter-level travel time spent in this place.
 C = Inter-level travel time spent in this place.
 D = Time resting spent in this place.
 E = Time spent auto-exploring this place.
 F = Levels seen in this place.
 G = Mean time per level.
                   A        B        C        D        E       F      G
               +--------+--------+--------+--------+--------+-----+--------+
         Total |   2557 |   2466 |     91 |    298 |   1834 |   3 |  852.3 |
       Dungeon |   2557 |   2466 |     91 |    298 |   1834 |   3 |  852.3 |
               +--------+--------+--------+--------+--------+-----+--------+

Top non-repeatable levels by time:
     D:2: 1288 daAuts
     D:1: 1109 daAuts
     D:3: 159 daAuts
